 Dungeon Crawl Stone Soup version 0.25.0-15-gac7dcb8919 (webtiles) character file.

Game seed: 10341574632663866272

32 grindst0ne the Charmwright (level 2, 0/24 HPs)
             Began as a Demigod Skald on June 28, 2020.
             Slain by an adder (2 damage)
             ... on level 2 of the Dungeon.
             The game lasted 00:01:32 (1206 turns).

grindst0ne the Charmwright (Demigod Skald)          Turns: 1206, Time: 00:01:33

Health: 0/24       AC:  3    Str: 14    XL:     2   Next: 93%
Magic:  7/7        EV: 12    Int: 17    God:
Gold:   27         SH:  0    Dex: 15    Spells: 0/5 levels left

rFire    . . .     SeeInvis .   a - +0 hand axe
rCold    . . .     Gourm    .   (no shield)
rNeg     . . .     Faith    .   b - +0 leather armour
rPois    .         Spirit   .   (no helmet)
rElec    .         Reflect  .   (no cloak)
rCorr    .         Harm     .   (no gloves)
MR       .....                  (no boots)
Stlth    +.........             (no amulet)
HPRegen  0.08/turn              (no ring)
MPRegen  0.10/turn              (no ring)

@: lethally poisoned (0 -> -5), invisible
A: high mp 1
a: no special abilities


You were on level 2 of the Dungeon.
You were not hungry.

You visited 1 branch of the dungeon, and saw 2 of its levels.

You collected 27 gold pieces.

Inventory:

Hand Weapons
 a - a +0 hand axe (weapon)
Armour
 b - a +0 leather armour (worn)
Scrolls
 c - a scroll of identify {unknown}
 e - 2 scrolls of remove curse {unknown}
 g - a scroll of blinking {unknown}
Potions
 h - 2 potions of curing {unknown}
 i - a potion of stabbing {unknown}
Comestibles
 d - a ration
 j - 5 chunks of flesh


   Skills:
 + Level 2.1 Fighting
 + Level 2.1 Axes
 + Level 1.4 Armour
 + Level 2.0 Dodging
 - Level 2.0 Spellcasting
 + Level 2.9 Charms


You couldn't memorise any spells.
You knew the following spells:

 Your Spells              Type           Power        Failure   Level  Hunger
a - Infusion              Chrm           ##..         7%          1    #......
b - Song of Slaying       Chrm           ##......     11%         2    ###....
c - Shroud of Golubria    Chrm/Tloc      #.....       21%         2    ###....

Your spell library contained the following spells:

 Spells                   Type           Power        Failure   Level  Hunger
 Ozocubu's Armour         Chrm/Ice       #.......     36%         3    ###....
 Spectral Weapon          Hex/Chrm       #.......     36%         3    ###....


Dungeon Overview and Level Annotations

Branches:
Dungeon (2/15)


Innate Abilities, Weirdness & Mutations

You have an increased reservoir of magic. (+10% MP)


Message History

The adder is severely wounded.
The adder bites you but does no damage. The adder bites you.
You barely miss the adder.
The adder is severely wounded.
The adder bites you but does no damage.
You barely miss the adder.
The adder is severely wounded.
The adder bites you.
* * * LOW HITPOINT WARNING * * *
You are lethally poisoned!
The adder poisons you! The adder bites you but does no damage.
You hit the adder but do no damage.
The adder is severely wounded.
* * * LOW HITPOINT WARNING * * *
You feel sick. The adder barely misses you. The adder closely misses you.
It was a potion of invisibility.
You fade into invisibility!
* * * LOW HITPOINT WARNING * * *
You feel sick. The adder bites you.
You die...

#.............
+..<.)........
#...÷.).......
#.....).......
###.............
#...............
#.............##
#.....#####...#
#..$†@# ...#
.......S.....#...#
.............# ..#
.............#
#.....#......#
#.....#......#
#.....#......#
.... #......#


You could see an adder.

Vanquished Creatures
  2 dart slugs
  A leopard gecko (D:1)
  6 giant cockroaches
  A goblin (D:2)
  3 hobgoblins
  3 bats (D:1)
  A frilled lizard (D:1)
  3 kobolds
  6 rats
26 creatures vanquished.

Notes
Turn   | Place    | Note
-------+----------+-------------------------------------------
     0 | D:1      | grindst0ne the Demigod Skald began the quest for the Orb.
     0 | D:1      | Reached XP level 1. HP: 17/17 MP: 5/5
   160 | D:1      | Reached skill level 1 in Armour
   305 | D:1      | Reached XP level 2. HP: 7/24 MP: 1/7
   755 | D:1      | Learned a level 2 spell: Song of Slaying
   758 | D:1      | Learned a level 2 spell: Shroud of Golubria
  1206 | D:2      | Slain by an adder

Illustrated notes

Levels and vault maps discovered:
D:1:      lightli_molten_gateway, layout_basic, minmay_pentomino_s4
D:2:      layout_basic

Skill      XL: |  1  2 |
---------------+-------+-----
Armour         | 1 |  1.4
Fighting       | 2 |  2.1
Axes           | 2 |  2.1
Spellcasting   | 2 |  2.0
Dodging        | 2 |  2.0
Charms         | |  2.9

Action                   || total
-------------------------++-------
Melee: Hand axe          ||    96
 Cast: Infusion          ||     3
  Use: Potion            ||     1
 Stab: Sleeping          ||     1
  Eat: Chunk             ||     1
Armor: Leather armour    ||    28
Dodge: Dodged            ||    82
